Map: Cerulean Fall LE

Players

Sabotage

  • Race: Protoss Protoss
  • League: Platinum
  • Spawn Location: 1:00

Yocto - Winner!

  • Race: Zerg Zerg
  • League: Gold
  • Spawn Location: 7:00

VOD

Have the link to the VOD?

Description

Time

  • Played on: Dec. 21, 2018, 6:24 a.m.
  • Length: 15:30
Show
View Real Time Build Order
Export as new Build Order

Sabotage Protoss 

Build Orders:  

Get SALT Encoding   

  12  0:12  Probe, Pylon  
  12  0:20  Probe  
  14  0:36  Forge  
  14  0:37  Probe  
  15  0:52  Pylon  
  15  1:01  Pylon  
  15  1:10  Probe  
  16  1:22  Photon Cannon  
  16  1:23  Probe  
  17  1:26  Photon Cannon  
  17  1:45  Probe  
  18  1:50  Gateway  
  18  1:55  Assimilator  
  18  2:00  Assimilator  
  18  2:12  Photon Cannon  
  18  2:13  Photon Cannon  
  18  2:28  Photon Cannon  
  18  2:30  Photon Cannon  
  17  2:52  Pylon  
  17  2:56  Photon Cannon  
  17  2:57  Photon Cannon  
  17  3:12  Photon Cannon  
  17  3:17  Probe  
  17  3:21  Assimilator  
  17  3:25  Assimilator  
  17  3:29  Pylon  
  18  3:34  Probe  
  18  3:46  Probe  
  18  3:47  Photon Cannon  
  18  4:07  Photon Cannon  
  18  4:09  Photon Cannon  
  17  4:18  Cybernetics Core  
  17  4:23  Probe  
  17  4:31  Probe  
  18  4:36  Pylon  
  19  4:38  Photon Cannon  
  19  4:48  Pylon  
  19  5:01  Stargate  
  19  5:05  Probe  
  20  5:20  Probe  
  19  5:28  Probe, Photon Cannon  
  21  5:42  Photon Cannon  
  21  5:48  Probe  
  20  5:57  Probe  
  21  6:06  Probe  
  21  6:11  Oracle  
  22  6:13  Photon Cannon  
  22  6:17  Probe  
  25  6:31  Sentry  
  28  6:34  Probe  
  28  6:38  Oracle  
  28  6:46  Robotics Facility  
  33  7:02  Sentry  
  33  7:12  Oracle  
  36  7:29  Zealot  
  38  8:01  Pylon  
  38  8:04  Pylon  
  36  8:22  Immortal  
  32  8:37  Void Ray  
  33  8:42  Zealot  
  35  9:01  Immortal  
  35  9:42  Zealot  
  37  9:53  Void Ray  
  37  9:59  Immortal  
  45  10:07  Zealot  
  47  10:19  Twilight Council  
  47  10:29  Protoss Shields Level 1  
  43  10:53  Void Ray  
  43  10:56  Sentry  
  47  11:03  Photon Cannon  
  47  11:05  Photon Cannon  
  47  11:13  Photon Cannon  
  47  11:23  Pylon  
  47  11:26  Pylon  
  47  11:38  Void Ray  
  51  11:46  Photon Cannon  
  51  12:03  Photon Cannon  
  51  12:09  Charge  
  51  12:10  Observer  
  51  12:20  Warp Gate  
  52  12:27  Observer  
  53  12:46  Void Ray  
  52  12:58  Sentry  
  58  13:29  Void Ray  
  58  13:30  Stalker  
  64  13:49  Warp Prism  
Show
View Real Time Build Order
Export as new Build Order

Yocto Zerg - Winner!

Build Orders: Pool First 

Get SALT Encoding   

  12  0:01  Drone  
  13  0:17  Overlord  
  13  0:18  Drone  
  14  0:37  Drone x2  
  16  1:07  Spawning Pool, Drone x3  
  18  1:50  Drone  
  18  1:51  Overlord  
  18  1:57  Zergling x2  
  18  2:08  Zergling x2  
  19  2:09  Queen  
  21  2:16  Zergling x2  
  22  2:28  Zergling x2  
  23  2:34  Zergling x2  
  23  2:45  Zergling x2  
  23  2:59  Zergling x2  
  23  3:08  Zergling x2  
  24  3:21  Zergling x2  
  24  3:24  Queen  
  24  3:26  Extractor  
  26  3:34  Hatchery  
  25  3:48  Hatchery  
  24  4:10  Drone x3  
  24  4:11  Drone x2  
  28  4:44  Drone  
  29  4:49  Queen  
  29  4:52  Drone x2  
  33  4:59  Drone x2  
  35  5:10  Drone  
  35  5:14  Queen  
  37  5:23  Drone x2  
  37  5:24  Drone x3  
  42  5:28  Lair  
  42  5:31  Extractor  
  42  5:33  Drone  
  42  5:37  Overlord  
  42  5:39  Overlord  
  39  5:55  Spine Crawler  
  37  6:05  Drone  
  38  6:25  Spine Crawler  
  37  6:47  Spire  
  37  6:51  Drone x3  
  37  6:52  Drone x5  
  44  6:54  Queen  
  44  6:55  Extractor  
  44  6:56  Extractor  
  44  6:57  Overseer  
  44  7:00  Zergling x6  
  44  7:01  Zergling x6  
  50  7:15  Drone x3  
  52  7:16  Drone  
  54  7:26  Drone x3  
  57  7:37  Drone  
  57  7:39  Overlord x5  
  58  7:49  Spore Crawler x2  
  56  7:55  Spore Crawler  
  56  7:58  Spine Crawler  
  54  8:09  Drone  
  54  8:10  Drone x5  
  57  8:20  Mutalisk  
  57  8:21  Mutalisk x4  
  67  8:29  Drone x6  
  67  8:30  Drone  
  74  8:41  Mutalisk x2  
  74  8:42  Mutalisk x2  
  82  8:59  Spore Crawler x2  
  82  9:02  Spore Crawler  
  79  9:03  Spore Crawler  
  79  9:04  Spine Crawler x2  
  79  9:08  Spine Crawler  
  75  9:25  Mutalisk x3  
  75  9:26  Mutalisk, Hatchery  
  82  9:31  Mutalisk  
  84  9:43  Mutalisk  
  86  9:46  Zergling x8  
  86  9:47  Zergling x6  
  93  9:56  Overlord  
  93  9:57  Overlord  
  93  10:14  Overlord x4  
  93  10:20  Overseer  
  93  10:37  Zergling x10  
  93  10:38  Zergling x4  
  93  10:40  Extractor  
  99  10:45  Extractor  
  96  10:52  Mutalisk x4  
  96  10:53  Mutalisk x3  
  110  11:10  Drone x4  
  110  11:11  Drone  
  115  11:19  Infestation Pit  
  115  11:23  Drone x3  
  117  11:36  Drone x3  
  117  11:37  Queen, Drone x4  
  126  11:48  Baneling Nest  
  126  11:51  Drone  
  126  11:52  Drone x2  
  129  11:54  Drone x3  
  129  11:57  Drone  
  129  11:59  Overlord  
  132  12:01  Overlord x2  
  132  12:02  Overlord  
  132  12:25  Hive  
  132  12:35  Extractor, Hatchery, Zergling x14  
  132  12:36  Zergling x2  
  138  12:38  Extractor  
  138  12:41  Metabolic Boost  
  137  12:51  Baneling x6  
  137  13:00  Corruptor x6  
  149  13:34  Pneumatized Carapace  
  149  13:42  Corruptor x7  
  149  13:43  Corruptor x3  
  169  13:59  Nydus Network  
  160  14:31  Corruptor x4  
  160  14:36  Overlord x4  
  168  14:49  Spire  
  168  14:52  Overlord x2  
  167  14:53  Overlord x4  
  167  14:54  Evolution Chamber  
  167  14:57  Drone x3  
  167  14:59  Drone x3  
Tags
 
Matchup
PvZ
Opening
Pool First
Replay Pack
Yocto
Spawn Locations
Cross Positions
Add a new tag
Caveats
  • Supply blocks, unpowered buildings, or Contaminate may cause inaccurate times.
  • Supply counts are checked every 10 seconds.